General information
			
			
        
        - name: FAT NOOB DEFENSE
 
        - type: Custom game
 
        - host: Merculore
 
        - saver: TIMG4STRok
 
        
map: TerenasStand 
        - players: 11
 
        - length: 14:27
 
        - speed: Fast
 - version: 1.23 W3XP
 - replay type:  

 
» download(59 KB)
Players
        team 1 (loser) 
              
              
Merculore (
red | 104 APM | 1505 actions | 14:25)
              
 4 Shadow Hunter 
 2 Hex
 2 Healing Wave
 
                » actions 
                
                | Assign group hotkey | 40 |  | 
| Basic commands | 82 |  | 
| Build / train | 37 |  | 
| ESC pressed | 1 |  | 
| Enter build submenu | 16 |  | 
| Enter hero's abilities submenu | 4 |  | 
| Give item / drop item | 1 |  | 
| Remove unit from queue | 2 |  | 
| Right click | 656 |  | 
| Select / deselect | 263 |  | 
| Select group hotkey | 348 |  | 
| Use ability | 55 |  | 
                1505 total
 » units 
                
                | Peon | 4 |  | 
| Grunt | 5 |  | 
| Troll Headhunter/Berserker | 6 |  | 
| Demolisher | 3 |  | 
                18 total
 » upgrades
                
                | Pillage | 1 |  | 
| Ranged Weapons | 1 |  | 
| Spiked Barricades | 1 |  | 
                3 total
 » buildings
                
                | Barracks | 2 |  | 
| Orc Burrow | 5 |  | 
| Altar of Storms | 1 |  | 
| War Mill | 1 |  | 
| Stronghold | 1 |  | 
| Voodoo Lounge | 1 |  | 
| Watch Tower | 2 |  | 
                13 total
 » build order
                00:42 Barracks
00:54 Orc Burrow
01:05 Altar of Storms
01:52 Orc Burrow
02:11 War Mill
02:53 Orc Burrow
02:59 Barracks
04:48 Orc Burrow
05:46 Stronghold
06:40 Voodoo Lounge
08:11 Orc Burrow
12:37 Watch Tower
12:40 Watch Tower
» items
                
                | Healing Salve | 2 |  | 
| Lesser Clarity Potion | 3 |  | 
| Scroll of Speed | 2 |  | 
| Potion of Healing | 1 |  | 
                8 total
  
               team 2 (winner) 
              
              
TIMG4STRok (
gray | 135 APM | 1946 actions | 14:27)
              
 4 Demon Hunter 
 2 Mana Burn
 2 Evasion
 3 Beastmaster 
 1 Summon Quilbeast
 2 Summon Hawk
 
                » actions 
                
                | Assign group hotkey | 25 |  | 
| Basic commands | 71 |  | 
| Build / train | 48 |  | 
| ESC pressed | 2 |  | 
| Enter build submenu | 12 |  | 
| Enter hero's abilities submenu | 7 |  | 
| Give item / drop item | 1 |  | 
| Right click | 893 |  | 
| Select / deselect | 255 |  | 
| Select group hotkey | 565 |  | 
| Use ability | 67 |  | 
                1946 total
 » units 
                
                | Wisp | 13 |  | 
| Archer | 5 |  | 
| Dryad | 6 |  | 
| Druid of the Claw | 4 |  | 
                28 total
 » upgrades
                
                | Ultravision | 1 |  | 
| Druid of the Claw Training | 2 |  | 
| Abolish Magic | 1 |  | 
                4 total
 » buildings
                
                | Altar of Elders | 1 |  | 
| Moon Well | 5 |  | 
| Ancient of War | 1 |  | 
| Tree of Ages | 1 |  | 
| Hunter's Hall | 1 |  | 
| Ancient of Lore | 2 |  | 
| Ancient of Wonders | 1 |  | 
| Tree of Eternity | 1 |  | 
| Tree of Life | 1 |  | 
                14 total
 » build order
                00:09 Altar of Elders
00:20 Moon Well
00:58 Ancient of War
01:41 Moon Well
02:53 Tree of Ages
03:39 Hunter's Hall
03:49 Moon Well
04:53 Moon Well
05:40 Ancient of Lore
05:40 Ancient of Lore
06:26 Ancient of Wonders
07:28 Tree of Eternity
10:50 Moon Well
12:14 Tree of Life
» items
                
                | Boots of Speed | 1 |  | 
| Staff of Teleportation | 1 |  | 
| Staff of Preservation | 1 |  | 
| Orb of Venom | 1 |  | 
                4 total
  
               observerstst, 
COMBO-BREAKER, 
Big.bLue.naTion, 
194, 
Dr.Jue, 
SMERB.COM.COM, 
Holyrabit, 
Tasei, 
evil_pengoon Chat log
          (00:08 / All) Merculore: go bears
(00:10 / All) Merculore: i hate bears
(00:13 / All) TIMG4STRok: check this lag out ahahaha
(00:16 / All) Merculore: almost as much as your website
(00:29 / All) TIMG4STRok: where are you hosting from, mars?!?1 hahaha
(00:41 / All) TIMG4STRok: god you suck!!!
(00:51 / All) Merculore: modem is home-fabbed
(01:02 / All) Merculore: with epoxy and egg cartons
(01:22 / All) Merculore: i chewed the egg cartons to mold them
(01:27 / All) Merculore: to the cables
(01:31 / All) TIMG4STRok: SHUT UP AND SILENCE!!!
(14:16 / All) Merculore: how do u tp